AoeStats
← harooooo

Hideout

507931560Analyzed
1v1 RM · 13d ago on Sep 20, 2026· 18m 15s· 2 players
Game mode
Random Map
Map size
Tiny (2 player)
Population
200
Speed
Normal
Resources
Standard
Victory
Conquest
Starting age
Dark Age
Ending age
Imperial Age
RankedLock teamsTeams togetherTeam positionsShared explorationLock speedFull tech treeHidden civsTurbo modeCheats
Victory
Defeat
2138
+7
🇧🇦 Malay · Bosnia & Herzegovina
1917
-7
CTM | Lelouch jugando borracho
4:25 Loom
8:52 Feudal Age
8:15 Loom
12:22 Castle Age
11:13 Double-Bit Axe
18:49 Sanctity
harooooo
9:21 Feudal Age
8:56 Double-Bit Axe
8:52 Horse Collar
16:18 Castle Age
16:52 Fletching
17:22 Loom
Connection lost

Rejoining the realm…

Still unreachable

The connection could not be restored.

Session expired

The server has moved on; the page needs a fresh start.